 Dungeon Crawl Stone Soup version 0.29.1-2-gbd0b4ee654 (webtiles) character file.

Game seed: 4453855886507976286

10266 LustLizard the Thaumaturge (level 11, -11/65 HPs)
             Began as a Djinni Air Elementalist on Nov 18, 2022.
             Was a Follower of Ashenzari.
             Shot with a bolt by a yaktaur (21 damage)
             ... on level 10 of the Dungeon on Nov 19, 2022.
             The game lasted 00:39:32 (15336 turns).

LustLizard the Thaumaturge (DjAE)                  Turns: 15336, Time: 00:39:32

Health: -11/65     AC:  8    Str:  7    XL:     11   Next: 89%
Gold:   369        EV: 14    Int: 22    God:    Ashenzari [*.....] SH:  0 Dex: 19

rFire   + + .      SeeInvis +   G - +1 dagger (drain)
rCold   x . .      Faith    .   (no shield)
rNeg    . . .      Spirit   .   N - +0 acid dragon scales
rPois   ∞          Reflect  .   (no helmet)
rElec   .          Harm     .   D - +0 cloak
rCorr   +          Rampage  .   q - +0 pair of gloves of the Enigmatic Boredom {Self, Cun} (curse)
Will    +....                   (boots unavailable)
Stlth   +++.......              E - amulet "Servitude of Ashenzari" {Acrobat +Inv SInv, Self, Cun} (curse)
HPRegen 0.20/turn               m - ring of see invisible
MPRegen 0.00/turn               K - +6 ring of dexterity

@: flying
A: sickness immunity, fire resistance 2, cold vulnerability 1, float, innate
caster, HP casting, extra vitality 1
a: Renounce Religion, Evoke Invisibility, Curse Item, Shatter the Chains


You were on level 10 of the Dungeon.
You worshipped Ashenzari.
Ashenzari was aware of your devotion.
You visited 2 branches of the dungeon, and saw 11 of its levels.

You collected 642 gold pieces.
You spent 273 gold pieces at shops.

Inventory:

Hand Weapons
 b - a +0 club
 p - a +1 dagger
 G - a +1 dagger of draining (weapon)
Missiles
 A - a throwing net
Armour
 a - a +0 robe
 q - the cursed +0 pair of gloves of the Enigmatic Boredom (worn) {Self, Cun}
   (You found it on level 2 of the Dungeon)

   It has a curse which improves the following skills: Introspection: Fighting
   and Spellcasting.
   Cunning:   Dodging and Stealth.
 D - a +0 cloak (worn)
 J - a +1 animal skin
 N - +0 acid dragon scales (worn)
Jewellery
 d - an amulet of reflection
 m - a ring of see invisible (left hand)
 E - the cursed amulet "Servitude of Ashenzari" (around neck) {Acrobat +Inv SInv, Self, Cun}
   (You found it on level 6 of the Dungeon)

   [amulet of the acrobat]

   It increases your evasion while moving and waiting.
   SInv:      It lets you see invisible.
   +Inv:      It lets you turn invisible.
   It has a curse which improves the following skills: Introspection: Fighting
   and Spellcasting.
   Cunning:   Dodging and Stealth.
 I - a ring of wizardry
 K - a +6 ring of dexterity (right hand)
 L - a ring of willpower
Wands
 f - a wand of iceblast (12)
 x - a wand of flame (7)
 M - a wand of charming (7)
 P - a wand of polymorph (5)
Scrolls
 e - 6 scrolls of teleportation
 g - 4 scrolls of vulnerability
 i - 3 scrolls of immolation
 j - 2 scrolls of blinking
 r - a scroll of silence
 v - 2 scrolls of enchant weapon
 w - 7 scrolls of fear
 y - 2 scrolls of magic mapping
 F - a scroll of fog
 H - 5 scrolls of identify
 O - a scroll of poison
Potions
 c - 3 potions of haste
 h - 5 potions of curing
 k - 2 potions of flight
 l - 3 potions of lignification
 n - 2 potions of might
 o - a potion of degeneration
 s - 3 potions of brilliance
 t - 2 potions of heal wounds
 u - a potion of resistance
 z - a potion of ambrosia
 B - 2 potions of cancellation
 C - a potion of mutation


   Skills:
 - Level 5.0(6.2) Dodging
 - Level 4.0(5.2) Stealth
 * Level 13.3(14.5) Spellcasting


You had 15 spell levels left.
You knew the following spells:

 Your Spells              Type           Power      Damage    Failure   Level
a - Shock                 Conj/Air       100%       1d9       1%          1
b - Static Discharge      Conj/Air       68%        3-12/arc  1%          2
c - Swiftness             Air            68%        N/A       1%          3
d - Airstrike             Air            34%        2d(5-21)  1%          4
e - Slow                  Hex            100%       N/A       1%          1
f - Ensorcelled Hibernat  Hex/Ice        100%       N/A       1%          2
g - Poisonous Vapours     Pois/Air       100%       N/A       1%          2
h - Summon Lightning Spi  Summ/Air       68%        N/A       1%          4
i - Summon Mana Viper     Hex/Summ       68%        N/A       1%          5
Your spell library was empty.

Dungeon Overview and Level Annotations

Branches:
Dungeon (10/15)            Temple (1/1) D:6
   Lair: D:8-11         Orc: D:9-12

Altars:
Ashenzari
Cheibriados
Dithmenos
Elyvilon
Fedhas
Gozag
Hepliaklqana
Makhleb
Nemelex Xobeh
Okawaru
Qazlal
Ru
Trog
Uskayaw
Wu Jian
Xom
Yredelemnul
Zin
The Shining One

Shops:
D:2 *   D:7 ??!   D:9 [

Annotations:
D:5 1 runed translucent door, xian's ghost, novice DrAK
D:8 1 runed translucent door, xian's ghost, novice VSEn


Innate Abilities, Weirdness & Mutations

You are immune to sickness and miasma.
You are immune to poison.
Your flesh is very heat resistant. (rF++)
You are vulnerable to cold. (rC-)
You float through the air rather than walking.
You learn spells naturally, not from books.
Your magical power is your life essence.
You have superior vitality. (+4 MHP)


Message History

The yaktaur shoots a bolt.
The bolt closely misses you.
Casting: Summon Lightning Spire (safe; 1% risk of failure)
Confirm with . or Enter, or press ? or * to list all spells.
Aiming: Poisonous Vapours (safe; 1% risk of failure)
Press: ? - help, Dir - move target, f - yaktaur
Aim: a yaktaur, wielding a +0 arbalest Poisonous vapours surround the yaktaur!
The yaktaur is poisoned.
The yaktaur shoots a bolt.
The bolt hits you.
Casting: Poisonous Vapours (safe; 1% risk of failure)
Confirm with . or Enter, or press ? or * to list all spells.
Aiming: Ensorcelled Hibernation (safe; 1% risk of failure)
Press: ? - help, Shift-Dir - straight line, f/p - yaktaur
Aim: a yaktaur, wielding a +0 arbalest (lightly wounded, very poisoned, chance to affect: 54%)
The yaktaur resists with some effort.
The yaktaur shoots a bolt.
The bolt hits you!
* * * LOW HITPOINT WARNING * * *
Casting: Ensorcelled Hibernation (safe; 1% risk of failure)
Confirm with . or Enter, or press ? or * to list all spells.
Aiming: Ensorcelled Hibernation (safe; 1% risk of failure)
Press: ? - help, Shift-Dir - straight line, f/p - yaktaur
Aim: a yaktaur, wielding a +0 arbalest (lightly wounded, very poisoned, chance to affect: 54%)
The yaktaur resists with some effort.
* * * LOW HITPOINT WARNING * * *
The yaktaur shoots a bolt.
The bolt completely misses you.
Casting: Ensorcelled Hibernation (safe; 1% risk of failure)
Confirm with . or Enter, or press ? or * to list all spells.
Aiming: Ensorcelled Hibernation (safe; 1% risk of failure)
Press: ? - help, Shift-Dir - straight line, f/p - yaktaur
Aim: a yaktaur, wielding a +0 arbalest (lightly wounded, very poisoned, chance to affect: 54%)
The yaktaur resists with some effort.
* * * LOW HITPOINT WARNING * * *
Casting: Ensorcelled Hibernation (safe; 1% risk of failure)
Confirm with . or Enter, or press ? or * to list all spells.
Aiming: Ensorcelled Hibernation (safe; 1% risk of failure)
Press: ? - help, Shift-Dir - straight line, f/p - yaktaur
Aim: a yaktaur, wielding a +0 arbalest (lightly wounded, very poisoned, chance to affect: 54%)
The yaktaur resists with some effort.
* * * LOW HITPOINT WARNING * * *
The yaktaur shoots a bolt.
The bolt hits you!!
You die...

############ #..........#
#.########.#
#.#####.########.##
.#..........@...c..#
.........########..#
.#.#####<###...##..#
#.##.....#..# ###....###
#.#.....8...#
.........###.#.......c.#
##.......#...#..###....#
.........#.#.#...........
...........#.....#c......#


You could see a yaktaur (very poisoned).

Vanquished Creatures
  A boulder beetle (D:10)
  A two-headed ogre (D:6)
  A kobold demonologist (D:8)
  A hornet (D:7)
  A wraith (D:10)
  2 steam dragons
  Edmund (D:6)
  A water moccasin (D:7)
  3 orc warriors
  An ice beast (D:7)
  4 sky beasts
  2 centaurs (D:6)
  4 wolves (D:8)
  An ogre (D:5)
  A phantom (D:6)
  5 kobold brigands
  2 bullfrogs
  A necrophage (D:5)
  5 scorpions
  A wight (D:9)
  4 killer bees
  2 electric eels (D:7)
  A howler monkey (D:5)
  3 jellies
  7 hounds
  A centaur zombie (D:4)
  3 orc priests
  3 gnoll boudas
  4 iguanas
  4 orc wizards
  9 adders
  15 gnolls
  A shadow imp (D:6)
  4 white imps
  4 ufetubi
  2 worms
  A dart slug (D:2)
  37 orcs
  6 ball pythons
  7 bats
  7 endoplasms
  2 giant cockroaches
  8 goblins
  7 hobgoblins
  2 quokkas
  4 frilled lizards
  14 kobolds
  8 rats
209 creatures vanquished.

Vanquished Creatures (collateral kills)
  2 two-headed ogres
  An ice statue (D:8)
  The ghost of Mig the Chopper, a novice DsAK of Lugonu (D:4)
  A rime drake (shapeshifter) (D:10)
  A kobold demonologist (D:8)
  A troll (D:9)
  Prince Ribbit (D:5)
  A wyvern (D:9)
  A steam dragon (D:10)
  Grum (D:8)
  An acid dragon (D:9)
  An orc warrior (D:9)
  A centaur (D:9)
  A kobold brigand (D:8)
  A bullfrog (D:9)
  A scorpion (D:6)
  4 wights (D:9)
  7 killer bees
  A bullfrog zombie (D:4)
  A gnoll bouda (D:9)
  2 orc priests
  2 orc wizards
  An iguana (D:6)
  5 gnolls
  A shadow imp (D:4)
  2 orcs (D:8)
  6 kobolds (D:8)
49 creatures vanquished.

Vanquished Creatures (others)
  2 plants (D:8)
  2 withered plants (D:5)
4 creatures vanquished.

Grand Total: 262 creatures vanquished

Notes
Turn   | Place    | Note
-------+----------+-------------------------------------------
     0 | D:1      | LustLizard the Djinni Air Elementalist began the quest for
                  | the Orb.
     0 | D:1      | LustLizard set off with the following spells memorised:
                  | Shock, Static Discharge, Swiftness, Airstrike.
     0 | D:1      | Reached XP level 1. HP: 15/15 MP: 0/0
   301 | D:1      | Found a faded altar of an unknown god.
   525 | D:1      | Reached XP level 2. HP: 18/21 MP: 0/0
  1476 | D:2      | Reached XP level 3. HP: 18/25 MP: 0/0
  1476 | D:2      | Learned a level 1 spell: Slow
  1611 | D:2      | Reached skill level 3 in Spellcasting
  1746 | D:2      | Reached XP level 4. HP: 21/31 MP: 0/0
  1972 | D:2      | Found Geerch's Assorted Antiques.
  1987 | D:2      | Bought a viscous silvery potion for 19 gold pieces
  2396 | D:2      | Bought a scroll labelled OZEWIUXOONN for 22 gold pieces
  2396 | D:2      | Bought a scroll labelled OZEWIUXOONN for 22 gold pieces
  2422 | D:3      | Found a burning altar of Makhleb.
  2753 | D:3      | Found a basalt altar of Yredelemnul.
  2771 | D:3      | Found a snail-covered altar of Cheibriados.
  2830 | D:3      | Found an opulent altar of Gozag.
  2944 | D:3      | Reached XP level 5. HP: 34/35 MP: 0/0
  2944 | D:3      | Learned a level 2 spell: Ensorcelled Hibernation
  3627 | D:3      | Reached XP level 6. HP: 38/40 MP: 0/0
  4265 | D:4      | Reached skill level 4 in Spellcasting
  4515 | D:4      | Found a transporter.
  4516 | D:4      | Found a transporter.
  4516 | D:4      | Noticed Mig's ghost (novice DsAK)
  4821 | D:4      | Reached XP level 7. HP: 31/45 MP: 0/0
  4821 | D:4      | Learned a level 2 spell: Poisonous Vapours
  5424 | D:5      | Entered Level 5 of the Dungeon
  6093 | D:5      | Reached skill level 5 in Spellcasting
  6250 | D:5      | Reached XP level 8. HP: 47/50 MP: 0/0
  6284 | D:5      | Reached skill level 5 in Dodging
  6755 | D:5      | Found a runed translucent door.
  6756 | D:5      | Noticed xian's ghost (novice DrAK)
  6834 | D:5      | Noticed Prince Ribbit
  7068 | D:5      | Reached skill level 6 in Spellcasting
  7188 | D:6      | Found a bloodstained altar of Trog.
  7331 | D:6      | Found a staircase to the Ecumenical Temple.
  7716 | Temple   | Entered the Ecumenical Temple
  7984 | D:6      | Found a hazy altar of Hepliaklqana.
  8007 | D:6      | Reached skill level 7 in Spellcasting
  8007 | D:6      | Reached XP level 9. HP: 51/55 MP: 0/0
  8007 | D:6      | Learned a level 4 spell: Summon Lightning Spire
  8727 | D:6      | Identified the amulet "Pehagougaa" {Acrobat +Inv SInv}
  8820 | D:6      | Noticed Edmund
  8828 | D:6      | Killed Edmund
  8829 | D:6      | Reached skill level 8 in Spellcasting
  9043 | D:6      | Noticed a two-headed ogre
  9070 | D:6      | Killed a two-headed ogre
  9071 | D:6      | Reached skill level 9 in Spellcasting
  9358 | D:6      | Reached XP level 10. HP: 23/60 MP: 0/0
 10073 | D:7      | Found Cobuycum's Magic Scroll Emporium.
 10073 | D:7      | Found Dielyahe's Magic Scroll Boutique.
 10075 | D:7      | Found Efomp's Distillery.
 10151 | D:7      | Bought a scroll of identify for 24 gold pieces
 10151 | D:7      | Bought a scroll of identify for 24 gold pieces
 10153 | D:7      | Bought a scroll of magic mapping for 90 gold pieces
 10153 | D:7      | Bought a scroll of identify for 24 gold pieces
 10153 | D:7      | Bought a scroll of identify for 24 gold pieces
 10155 | D:7      | Bought a scroll of identify for 24 gold pieces
 10281 | D:7      | Reached skill level 10 in Spellcasting
 10681 | D:7      | Found a broken altar of Ashenzari.
 10685 | D:7      | Saw a vision of the Shoals and the Snake Pit.
 10685 | D:7      | Noticed a merfolk siren
 10685 | D:7      | Noticed a merfolk javelineer
 10685 | D:7      | Noticed a black mamba
 10685 | D:7      | Noticed a naga sharpshooter
 10685 | D:7      | Noticed a naga mage
 10685 | D:7      | Noticed a mana viper
 10685 | D:7      | Noticed an anaconda
 10686 | D:7      | Noticed a naga sharpshooter
 10686 | D:7      | Noticed a naga warrior
 10686 | D:7      | Noticed a guardian serpent
 10687 | D:7      | Noticed a black mamba
 10689 | D:7      | Became a worshipper of Ashenzari the Shackled
 11110 | D:8      | Noticed a kobold demonologist
 11114 | D:8      | Noticed a kobold demonologist
 11116 | D:8      | Killed a kobold demonologist
 11137 | D:8      | Killed a kobold demonologist
 11423 | D:8      | Found a runed translucent door.
 11423 | D:8      | Noticed xian's ghost (novice VSEn)
 11462 | D:8      | Noticed Grum
 11468 | D:8      | Reached skill level 11 in Spellcasting
 11469 | D:8      | Killed Grum
 12351 | D:8      | Noticed an ice statue
 12367 | D:8      | Killed an ice statue
 12368 | D:8      | Reached XP level 11. HP: 25/65 MP: 0/0
 12368 | D:8      | Learned a level 5 spell: Summon Mana Viper
 13081 | D:9      | Reached * piety under Ashenzari
 13135 | D:9      | Noticed a two-headed ogre
 13142 | D:9      | Killed a two-headed ogre
 13143 | D:9      | Reached skill level 12 in Spellcasting
 13248 | D:9      | Found a glowing silver altar of Zin.
 13303 | D:9      | Found Porhilageo's Armour Emporium.
 14547 | D:4      | Killed Mig's ghost
 14777 | D:5      | Killed Prince Ribbit
 14841 | D:8      | Identified the Folio of Silt
 14906 | D:10     | Entered Level 10 of the Dungeon
 15005 | D:10     | Noticed a two-headed ogre
 15014 | D:10     | Killed a two-headed ogre
 15015 | D:10     | Reached skill level 13 in Spellcasting
 15018 | D:10     | Noticed a boulder beetle
 15028 | D:10     | Killed a boulder beetle
 15336 | D:10     | Shot with a bolt by a yaktaur

Illustrated notes

Levels and vault maps discovered:
D:1:      dpeg_arrival_round_b, layout_basic,
          shapermc_ecumenical_altar_mp_urbaneastern
D:2:      layout_rooms, serial_shops, shop
D:3:      minmay_chambers_of_threes, layout_loops_ring,
          mainiacjoe_overflow_tiny_flanked, lemuel_tele_altar, bloody_makhleb,
          nicolae_gozag_cash_rules_everything_around_me,
          kennysheep_generic_room_16
D:4:      layout_rooms, vehumet_altar_wand_db, gammafunk_ghost_mausoleum
D:5:      layout_rooms, gammafunk_ghost_grave,
          minmay_fractal_squares_diagonal_5, uniq_prince_ribbit1
D:6:      minmay_spotlight, layout_loops_ring, mainiacjoe_overflow_alcove_1,
          trog_butcher_becter, minmay_temple_entry_junction_2, uniq_edmund
D:7:      layout_loops_ring, grunt_ashenzari_visionary
          [grunt_ashenzari_visionary_shoals, grunt_ashenzari_visionary_snake],
          nicolae_wooded_promenade
D:8:      minmay_statue_hallways, layout_basic, hellmonk_ghost_big_iron,
          hangedman_decor_peaks_small, hangedman_abyss_or_decor_passed,
          uniq_grum
D:9:      layout_gridville, zin_scriptorium, serial_shops, nicolae_square_shop
D:10:     hangedman_cross_stitches, layout_loops_ring, zombieorc2_lemuel
Temple:   nicolae_temple_god_jail

Skill      XL: |  1  2  3  4  5  6  7  8  9 10 11 |
---------------+----------------------------------+-----
Stealth        | 2 3 4 |  4.0
Spellcasting   | 3 4 5 7 9 11 13 | 13.3
Dodging        | 3 4 5 |  5.0

Action                   |  1- 3 |  4- 6 |  7- 9 | 10-12 || total
-------------------------+-------+-------+-------+-------++-------
Melee: Club              |     6 |       |       |       ||     6
       Dagger            |       |    12 |     5 |     9 ||    26
 Cast: Shock             |    43 |   115 |   155 |   117 ||   430
       Static Discharge  |     2 |    12 |    23 |     5 ||    42
       Swiftness         |       |     2 |     1 |     2 ||     5
       Ensorcelled Hiber |       |     1 |     4 |     9 ||    14
       Poisonous Vapours |       |       |    30 |    34 ||    64
       Airstrike         |       |       |    11 |    21 ||    32
       Summon Lightning  |       |       |     1 |    28 ||    29
       Slow              |       |       |       |     1 ||     1
       Summon Mana Viper |       |       |       |     4 ||     4
Invok: Curse Item        |       |       |       |     2 ||     2
  Use: Scroll            |       |     6 |     7 |     9 ||    22
 Stab: Sleeping          |       |     1 |       |     1 ||     2
Armor: Robe              |     2 |     3 |     3 |     1 ||     9
       Acid dragon scale |       |       |       |     2 ||     2
Dodge: Dodged            |     5 |    19 |    29 |    49 ||   102
Block: Other             |       |     6 |     2 |       ||     8
